 Dungeon Crawl Stone Soup version 0.29-a0-25-g7f48f510a0 (webtiles) character file.

Game seed: 14568538440845695003

136622 Ajdolov the Unseen (level 16, -6/88 HPs)
             Began as a Spriggan Berserker on Jan 31, 2022.
             Was a High Priest of Trog.
             Mangled by a salamander mystic (11 damage)
             ... on level 3 of the Snake Pit on Feb 1, 2022.
             The game lasted 02:20:18 (51533 turns).

Ajdolov the Unseen (Spriggan Berserker)            Turns: 51533, Time: 02:20:19

Health: -6/88      AC: 12    Str: 19    XL:     16   Next: 67%
Magic:  0/17       EV: 24    Int: 11    God:    Trog [*****.]
Gold:   1395       SH:  0    Dex: 22    Spells: 15/15 levels left

rFire   . . .      SeeInvis +   r - +9 quick blade (vorpal)
rCold   + . .      Faith    .   (no shield)
rNeg    + . .      Spirit   +   H - +0 acid dragon scales
rPois   .          Reflect  .   s - +2 hat
rElec   .          Harm     .   K - +2 cloak
rCorr   +          Rampage  .   (gloves unavailable)
Will    ++...                   (boots unavailable)
Stlth   +++++++...              W - amulet of guardian spirit
HPRegen 0.24/turn               e - +6 ring of strength
MPRegen 0.15/turn               P - ring "Wutune" {rC+ rN+ Int+2}

@: lethally poisoned (-6 -> -9), about to teleport, constricted, very quick
A: very small, no large weapons, unfitting armour, see invisible, speed 3
a: Renounce Religion, Berserk, Trog's Hand, Brothers in Arms


You were on level 3 of the Snake Pit.
You worshipped Trog.
Trog was extremely pleased with you.
You visited 4 branches of the dungeon, and saw 26 of its levels.
You also visited: Bailey.

You collected 3197 gold pieces.
You spent 1802 gold pieces at shops.

Inventory:

Hand Weapons
 l - a +3 rapier
 r - a +9 vorpal quick blade (weapon)
Missiles
 t - 10 poisoned darts
 D - 18 boomerangs (quivered)
 I - 4 throwing nets
 M - 3 curare-tipped darts
Armour
 b - a +0 buckler
 s - a +2 hat (worn)
 H - +0 acid dragon scales (worn)
 K - a +2 cloak (worn)
Jewellery
 e - a +6 ring of strength (left hand)
 u - the ring "Kocuabba" {Will+ Int+4}
   (You bought it in a shop on level 2 of the Orcish Mines)

   [ring of willpower]

   Int:       It affects your intelligence (+4).
   Will:      It increases your willpower.
 O - a ring of positive energy
 P - the ring "Wutune" (right hand) {rC+ rN+ Int+2}
   (You bought it in a shop on level 2 of the Orcish Mines)

   [ring of positive energy]

   Int:       It affects your intelligence (+2).
   rC:        It protects you from cold.
   rN:        It protects you from negative energy.
 W - an amulet of guardian spirit (around neck)
 Y - a ring of protection from fire
Wands
 E - a wand of paralysis (14)
 F - a wand of flame (29)
 G - a wand of mindburst (18)
 N - a wand of digging (16)
 R - a wand of iceblast (11)
 U - a wand of polymorph (7)
Scrolls
 d - a scroll of fear
 f - 4 scrolls of immolation
 m - 12 scrolls of teleportation
 n - a scroll of enchant weapon
 w - 3 scrolls of enchant armour
 x - 4 scrolls of vulnerability
 y - 6 scrolls of fog
 C - a scroll of summoning
 L - 3 scrolls of blinking
 Q - 4 scrolls of magic mapping
 S - 2 scrolls of brand weapon
Potions
 c - 4 potions of might
 g - 5 potions of curing
 h - 9 potions of mutation
 j - 4 potions of haste
 k - 4 potions of berserk rage
 o - 3 potions of lignification
 p - 3 potions of cancellation
 q - 3 potions of flight
 v - 4 potions of resistance
 z - 6 potions of heal wounds
 A - 4 potions of brilliance
 B - 2 potions of magic
 J - 2 potions of attraction
 T - 3 potions of ambrosia
 Z - a potion of invisibility
Miscellaneous
 a - a box of beasts
 i - a phial of floods


   Skills:
 - Level 12.2 Fighting
 - Level 14.0 Short Blades
 - Level 12.0 Throwing
 - Level 5.0 Armour
 - Level 12.1 Dodging
 + Level 17.4 Stealth
 * Level 8.2 Shields
 - Level 14.5 Evocations


You had 15 spell levels left.
You didn't know any spells.
Your spell library was empty.

Dungeon Overview and Level Annotations

Branches:
Dungeon (15/15)            Temple (0/1) D:5            Lair (6/6) D:11
 Shoals (0/4) Lair:2        Snake (3/4) Lair:2        Slime (0/5) Lair:6
    Orc (2/2) D:9             Elf (0/3) Orc:2        Vaults (0/5) D:13
 Depths (0/4) D:15         Bailey (visited)

Altars:
Ashenzari
Cheibriados
Dithmenos
Kikubaaqudgha
Nemelex Xobeh
Okawaru
Ru
Trog
Wu Jian
Xom
Yredelemnul
The Shining One
Beogh
Lugonu

Shops:
Orc:2 *([=   Snake:1 :==   Snake:3 ?*

Portals:
Abyss: Lair:6
Trove: D:12 (give 5 scrolls of blinking)

Annotations:
D:4 1 runed translucent door, wazuzu's ghost, amateur DjGl
D:15 3 runed translucent doors, Qogig's ghost, journeyman TrCA


Innate Abilities, Weirdness & Mutations

You are very small and have problems with some larger weapons.
You are too small for most types of armour.
You have supernaturally acute eyesight. (SInv)
You cover ground extremely quickly. (Speed+++)


Message History

The salamander mystic hits you but does no damage.
You closely miss the nagaraja.
You feel sick.
The nagaraja points at you and mumbles some strange words.
You easily resist.
The nagaraja constricts you.
You hit the nagaraja but do no damage. You puncture the nagaraja!
The nagaraja is lightly wounded.
You feel sick.
The nagaraja hits you with a +0 halberd!
The nagaraja constricts you.
You puncture the nagaraja!
The nagaraja is moderately wounded.
The salamander mystic hits you with a +0 dagger.
You are engulfed in flames!
You puncture the nagaraja!
You punch the nagaraja, but do no damage.
The nagaraja is heavily wounded.
You feel sick.
The nagaraja points at you and mumbles some strange words.
The poison arrow misses you. The nagaraja constricts you.
You barely miss the nagaraja.
The nagaraja is heavily wounded.
You puncture the nagaraja!
The nagaraja is severely wounded.
The salamander mystic hits you with a +0 dagger.
You are engulfed in flames!
* * * LOW HITPOINT WARNING * * *
Unknown command.
You feel much better.
You feel sick. The nagaraja closely misses you. The nagaraja constricts you.
The shock serpent bites you! The shock serpent shocks you!
* * * LOW HITPOINT WARNING * * *
The nagaraja hits you with a +0 halberd!
* * * LOW HITPOINT WARNING * * *
The nagaraja constricts you.
* * * LOW HITPOINT WARNING * * *
The salamander mystic hits you with a +0 dagger.
* * * LOW HITPOINT WARNING * * *
You are engulfed in flames!
You die...

##.....##..##. ...
...###.###....## . ..
.............###. ..
..#######.##....##... #.
.#.....###N..###.... #.
.......N...##......
N.##.###.......####.......
S......#.N..##.##.........
..N....SS@.##.............
.....NN###N#....#.........
....N.. #.#....##........
N...... ##....)..####....#
......# #..#........##....
N....# #..#.........#####
....# ##.#......###.....
.... #.#####..# ##.#.. ###
#### #####


You could see a nagaraja (fast), a salamander mystic, 3 salamanders, a shock
serpent, a mana viper, a naga mage (fleeing) and 2 nagas.

Vanquished Creatures
  A nagaraja (Snake:3)
  3 orc warlords (Orc:1)
  Nessos (Orc:2)
  3 fire dragons
  Josephine (D:14)
  2 boulder beetles
  9 hydras
  A salamander tyrant (Snake:2)
  A rakshasa (D:14)
  3 vault guards (D:13)
  4 naga warriors
  An ogre mage (D:15)
  Erica (D:8)
  10 two-headed ogres
  4 anacondas
  3 centaur warriors
  2 death knights
  5 orc high priests
  A tengu warrior (D:15)
  2 thrashing horrors (Lair:6)
  5 shock serpents
  11 skeletal warriors
  A fire crab (Lair:6)
  A sea snake (shapeshifter) (Lair:6)
  2 salamander mystics (Snake:2)
  A wizard (D:13)
  A deep troll (shapeshifter) (D:15)
  A naga ritualist (Snake:2)
  7 orc knights
  2 necromancers (D:13)
  A harpy (shapeshifter) (D:14)
  10 ugly things
  3 cyclopes
  6 orc sorcerers
  A deep elf pyromancer (D:12)
  3 mana vipers
  7 salamanders
  A manticore (D:15)
  16 elephants
  15 cane toads
  3 guardian serpents
  16 black mambas
  A smoke demon (Lair:6)
  4 naga magi
  Maggie (D:8)
  5 gargoyles
  4 rime drakes
  An unseen horror (D:12)
  An unseen horror (shapeshifter) (Lair:6)
  5 freezing wraiths
  10 komodo dragons
  2 kobold demonologists
  An efreet (D:15)
  4 ancient zymes (Lair:6)
  A yaktaur (D:13)
  3 trolls
  A queen bee (Lair:2)
  3 polar bears
  2 merfolk (Lair:2)
  A wolf spider simulacrum (D:15)
  13 slime creatures
  Prince Ribbit (D:8)
  A blink frog (shapeshifter) (D:14)
  17 blink frogs
  A spriggan (Lair:6)
  5 wyverns
  18 humans (D:13)
  A ynoxinul (Lair:6)
  6 wraiths
  11 small abominations (Lair:6)
  63 yaks
  3 chaos spawn (Lair:6)
  9 basilisks
  4 steam dragons
  2 vampire mosquitoes (D:13)
  10 wargs
  14 nagas
  2 acid dragons
  18 water moccasins
  An ice beast (D:8)
  35 orc warriors
  3 sky beasts
  2 black bears
  5 necrophages
  40 wolves
  9 centaurs
  11 ogres
  3 kobold brigands
  18 bullfrogs
  4 gnoll sergeants
  6 scorpions
  A water moccasin zombie (D:6)
  33 killer bees
  5 howler monkeys
  A wight (D:8)
  4 hounds
  A gnoll shaman (D:8)
  3 centaur zombies
  17 orc priests
  22 orc wizards
  3 iguanas
  A hound skeleton (D:4)
  16 gnolls
  3 adders
  A river rat (Lair:2)
  A shadow imp (D:6)
  2 white imps
  An ufetubus (D:6)
  A worm (D:2)
  3 dart slugs
  93 orcs
  9 ball pythons
  8 endoplasms
  4 giant cockroaches
  5 goblins
  5 hobgoblins
  3 jackals (D:1)
  4 quokkas
  4 bats
  6 frilled lizards
  19 kobolds
  3 rats
840 creatures vanquished.

Vanquished Creatures (collateral kills)
  A centaur (D:11)
1 creature vanquished.

Vanquished Creatures (others)
  An orc (D:10)
  A kobold (D:10)
  56 fungi
  52 plants
  5 withered plants (D:12)
115 creatures vanquished.

Grand Total: 956 creatures vanquished

Notes
Turn   | Place    | Note
-------+----------+-------------------------------------------
     0 | D:1      | Ajdolov the Spriggan Berserker began the quest for the Orb.
     0 | D:1      | Reached XP level 1. HP: 11/11 MP: 2/2
   103 | D:1      | Reached skill level 1 in Stealth
   232 | D:1      | Reached XP level 2. HP: 16/16 MP: 3/3
   538 | D:1      | Found a faded altar of an unknown god.
   976 | D:1      | Reached skill level 2 in Stealth
  1004 | D:1      | Reached XP level 3. HP: 10/19 MP: 4/4
  2420 | D:3      | Reached XP level 4. HP: 8/23 MP: 5/5
  2683 | D:3      | Reached skill level 3 in Stealth
  2692 | D:3      | Reached skill level 5 in Dodging
  3179 | D:3      | Reached skill level 5 in Short Blades
  3203 | D:3      | Reached ** piety under Trog
  3358 | D:4      | Found a runed translucent door.
  3474 | D:4      | Noticed wazuzu's ghost (amateur DjGl)
  3477 | D:4      | Reached XP level 5. HP: 27/27 MP: 6/6
  3566 | D:4      | Reached skill level 4 in Stealth
  3634 | D:4      | Found a basalt altar of Yredelemnul.
  3755 | D:4      | Reached skill level 5 in Stealth
  3755 | D:4      | Reached XP level 6. HP: 32/32 MP: 7/7
  4105 | D:5      | Entered Level 5 of the Dungeon
  4160 | D:5      | Found a staircase to the Ecumenical Temple.
  4163 | D:5      | Found a broken altar of Ashenzari.
  4258 | D:5      | Reached skill level 6 in Stealth
  4258 | D:5      | Reached XP level 7. HP: 35/35 MP: 8/8
  4385 | D:5      | Found a glowing golden altar of the Shining One.
  4385 | D:5      | Found a bloodstained altar of Trog.
  4393 | D:5      | Found a faded altar of an unknown god.
  4395 | D:5      | Found a snail-covered altar of Cheibriados.
  4397 | D:5      | Found a faded altar of an unknown god.
  4714 | D:5      | Reached skill level 7 in Stealth
  4810 | D:5      | Found an ornate altar of the Wu Jian Council.
  5174 | D:6      | Reached skill level 8 in Stealth
  5174 | D:6      | Reached XP level 8. HP: 39/39 MP: 9/9
  5596 | D:6      | Reached skill level 9 in Stealth
  5617 | D:6      | Found the +6 shillelagh "Devastator" {shatter}
  5654 | D:6      | Found an ancient bone altar of Kikubaaqudgha.
  5654 | D:6      | Found a shimmering altar of Xom.
  5831 | D:6      | Reached skill level 10 in Short Blades
  5988 | D:7      | Found a flagged portal.
  5997 | Bailey   | Entered a bailey
  6002 | Bailey   | Noticed an orc warlord
  6078 | Bailey   | Identified the +5 glaive of the Shoals {antimagic, Fly
                  | rPois SInv}
  6116 | Bailey   | Found a runed translucent gate.
  6116 | Bailey   | Found a runed translucent gate.
  6207 | Bailey   | Reached skill level 10 in Stealth
  6360 | Bailey   | Found a runed translucent gate.
  6838 | Bailey   | Reached skill level 12 in Stealth
  6838 | Bailey   | Reached XP level 9. HP: 49/49 MP: 10/10
  7120 | D:7      | Found an iron altar of Okawaru.
  7199 | D:7      | Reached XP level 10. HP: 53/53 MP: 11/11
  7862 | D:8      | Noticed Maggie
  7867 | D:8      | Killed Maggie
  7868 | D:8      | Reached skill level 13 in Stealth
  8244 | D:7      | Reached skill level 1 in Armour
  9080 | D:8      | Noticed Erica
  9143 | D:8      | Killed Erica
  9399 | D:8      | Noticed a cyclops
  9405 | D:8      | Noticed Prince Ribbit
  9425 | D:8      | Killed Prince Ribbit
  9682 | D:8      | Killed a cyclops
  9964 | D:9      | Reached *** piety under Trog
 10108 | D:8      | Reached XP level 11. HP: 49/58 MP: 12/12
 10715 | D:9      | Found a staircase to the Orcish Mines.
 11134 | D:9      | Noticed a two-headed ogre
 11140 | D:9      | Killed a two-headed ogre
 11847 | D:9      | Reached **** piety under Trog
 12180 | D:10     | Entered Level 10 of the Dungeon
 12861 | D:10     | Reached skill level 14 in Stealth
 13563 | D:11     | Noticed a two-headed ogre
 13570 | D:11     | Killed a two-headed ogre
 13571 | D:11     | Reached skill level 10 in Dodging
 13627 | D:11     | Noticed a seven-headed hydra
 13637 | D:11     | Killed a seven-headed hydra
 13942 | D:11     | Found a gate leading to a gauntlet.
 14283 | D:11     | Found a staircase to the Lair.
 14310 | D:11     | Noticed a centaur warrior
 14395 | D:11     | Killed a centaur warrior
 14534 | D:11     | Noticed an eight-headed hydra
 15203 | D:12     | Noticed a two-headed ogre
 15210 | D:12     | Killed a two-headed ogre
 15270 | D:12     | Noticed a six-headed hydra
 15294 | D:12     | Killed a six-headed hydra
 15295 | D:12     | Reached XP level 12. HP: 64/64 MP: 13/13
 15461 | D:12     | Noticed a four-headed hydra
 15489 | D:12     | Killed a four-headed hydra
 15490 | D:12     | Reached skill level 15 in Stealth
 15562 | D:12     | Found a portal to a secret trove of treasure.
 16131 | D:13     | Noticed a death knight
 16394 | Lair:1   | Entered Level 1 of the Lair of Beasts
 16613 | Lair:1   | Reached skill level 1 in Throwing
 16890 | Lair:1   | Noticed a five-headed hydra
 16921 | Lair:1   | Killed a five-headed hydra
 18774 | Lair:2   | Found a shimmering altar of Xom.
 18813 | Lair:2   | Found a staircase to the Snake Pit.
 18961 | Lair:2   | Reached skill level 16 in Stealth
 19152 | Lair:2   | Noticed a four-headed hydra
 19371 | Lair:2   | Killed a four-headed hydra
 19494 | Lair:2   | Reached skill level 5 in Throwing
 19494 | Lair:2   | Reached XP level 13. HP: 54/69 MP: 14/14
 19725 | Lair:2   | Reached skill level 5 in Armour
 19808 | Lair:2   | Reached skill level 1 in Evocations
 21544 | Lair:2   | Found a staircase to the Shoals.
 21871 | Lair:3   | Found a shimmering altar of Xom.
 21914 | Lair:3   | Reached ***** piety under Trog
 21915 | Lair:3   | Reached skill level 5 in Evocations
 22843 | Lair:4   | You fall into a shaft and drop 2 floors!
 22843 | Lair:6   | Entered Level 6 of the Lair of Beasts
 26152 | Lair:4   | Reached XP level 14. HP: 48/75 MP: 9/15
 29127 | Lair:6   | Reached skill level 10 in Evocations
 29485 | Lair:6   | Found a staircase to the Slime Pits.
 30044 | Lair:6   | Reached skill level 10 in Fighting
 30543 | Lair:6   | Reached skill level 10 in Throwing
 31296 | Lair:5   | Identified a scroll of acquirement
 31296 | Lair:5   | Acquired a +6 quick blade
 33106 | Lair:6   | Identified the +12 quarterstaff "Coekkyil" {vorpal, rN+
                  | Will+} (Trog gifted it to you on level 6 of the Lair of
                  | Beasts)
 33106 | Lair:6   | Received a gift from Trog
 33209 | Lair:6   | Found a corrupted altar of Lugonu.
 33209 | Lair:6   | Found a one-way gate to the infinite horrors of the Abyss.
 33486 | Orc:1    | Entered Level 1 of the Orcish Mines
 34969 | Orc:1    | Noticed an orc warlord
 36006 | Orc:1    | Killed an orc warlord
 36599 | Orc:1    | Noticed an orc warlord
 36645 | Orc:1    | Received a gift from Trog
 36792 | Orc:1    | Killed an orc warlord
 36986 | Orc:2    | Entered Level 2 of the Orcish Mines
 37019 | Orc:2    | Found a staircase to the Elven Halls.
 37043 | Orc:2    | Reached XP level 15. HP: 81/81 MP: 16/16
 37046 | Orc:2    | Noticed an orc warlord
 37367 | Orc:1    | Killed an orc warlord
 38056 | Orc:2    | Found Cipsitu Bodd's Jewellery Shoppe.
 38768 | Orc:2    | Noticed Nessos
 38775 | Orc:2    | Killed Nessos
 39785 | Orc:2    | Found Coerghaugg's Assorted Antiques.
 39786 | Orc:2    | Found Quithrem's Armour Boutique.
 39786 | Orc:2    | Found Suam's Weapon Boutique.
 39810 | Orc:2    | Bought a +0 buckler for 63 gold pieces
 39820 | Orc:2    | Bought a twitching brass ring for 135 gold pieces
 39820 | Orc:2    | Identified the ring "Kocuabba" {Will+ Int+4} (You bought it
                  | in a shop on level 2 of the Orcish Mines)
 39820 | Orc:2    | Bought a heavily runed bone ring for 135 gold pieces
 39820 | Orc:2    | Identified the ring "Ogoegg" {rN++ Will+ Int+5 Dex-5} (You
                  | bought it in a shop on level 2 of the Orcish Mines)
 39820 | Orc:2    | Bought a glowing cloak for 202 gold pieces
 39837 | Orc:2    | Bought the ring "Wutune" {rC+ rN+ Int+2} for 611 gold
                  | pieces
 40410 | D:13     | Reached skill level 1 in Shields
 41639 | D:13     | Received a gift from Trog
 41876 | D:13     | Found a gate to the Vaults.
 42358 | D:14     | Noticed Josephine
 42603 | D:14     | Killed Josephine
 43540 | D:14     | Found a broken altar of Ashenzari.
 43542 | D:14     | Found a sacrificial altar of Ru.
 43542 | D:14     | Found an ancient bone altar of Kikubaaqudgha.
 43544 | D:14     | Found a shimmering altar of Xom.
 43544 | D:14     | Found a sparkling altar of Nemelex Xobeh.
 43544 | D:14     | Found a shadowy altar of Dithmenos.
 44412 | D:15     | Entered Level 15 of the Dungeon
 45094 | D:15     | Found a runed translucent gate.
 45094 | D:15     | Noticed Qogig's ghost (journeyman TrCA)
 45098 | D:15     | Found a runed translucent gate.
 45098 | D:15     | Found a runed translucent gate.
 46022 | D:15     | Reached skill level 5 in Shields
 46034 | D:15     | Reached XP level 16. HP: 53/88 MP: 10/17
 47186 | D:15     | Received a gift from Trog
 47364 | D:15     | Found a staircase to the Depths.
 48096 | Snake:1  | Entered Level 1 of the Snake Pit
 49010 | Snake:1  | Found Bofiur's Book Boutique.
 49010 | Snake:1  | Found Reiggi's Jewellery Shoppe.
 49011 | Snake:1  | Found Ofuiqen's Jewellery Shoppe.
 50288 | Snake:2  | Reached skill level 17 in Stealth
 50857 | Snake:3  | Identified the +4 rapier "Gonlaph" {vorpal, Str+7} (Trog
                  | gifted it to you on level 3 of the Snake Pit)
 50857 | Snake:3  | Received a gift from Trog
 51399 | Snake:3  | Found Zarreros's Assorted Antiques.
 51399 | Snake:3  | Found Uniticke's Magic Scroll Shoppe.
 51438 | Snake:3  | Bought a scroll of magic mapping for 49 gold pieces
 51438 | Snake:3  | Bought a scroll of teleportation for 42 gold pieces
 51438 | Snake:3  | Bought a scroll of blinking for 105 gold pieces
 51438 | Snake:3  | Bought a scroll of teleportation for 42 gold pieces
 51438 | Snake:3  | Bought a scroll of teleportation for 42 gold pieces
 51438 | Snake:3  | Bought a scroll of brand weapon for 280 gold pieces
 51447 | Snake:3  | Bought a potion of curing for 96 gold pieces
 51533 | Snake:3  | Mangled by a salamander mystic

Illustrated notes

Levels and vault maps discovered:
D:1:      evilmike_arrival_rings, layout_loops_ring,
          shapermc_ecumenical_altar_totnotflames
D:2:      wander_river, layout_rooms, serial_curves, eino_curves_03,
          eino_curves_04
D:3:      layout_rooms, minmay_hedge_maze, minmay_misc_feat_pillars,
          corexii_corridor_pit, lexackson_kobold_supper
D:4:      layout_cave_pools, mainiacjoe_overflow_24_doors,
          ebering_ghost_sewer_d, kennysheep_small_square
D:5:      layout_loops_ring, pdpol_wu_jian_five_deadly_venoms,
          mainiacjoe_overflow_concentric_impassable,
          chequers_temple_overflow_minitemple, minmay_temple_entry_proselytizer
D:6:      layout_basic, mainiacjoe_overflow_divided_tiny, hangedman_decor_push
D:7:      layout_gridville, okawaru_ov_weapons_minmay, enter_bailey_2,
          kennysheep_generic_room_3
D:8:      layout_cave_pools, minmay_alternating_orb, uniq_prince_ribbit1,
          uniq_maggie, uniq_erica
D:9:      layout_loops_ring, hiddenorc2_lemuel
D:10:     layout_rooms, chequers_serial_rivers_micro_d
D:11:     layout_stronghold, lair_entry_dummy, gauntlet_entry_generic,
          nicolae_figureground_pulse
D:12:     layout_roguey, serial_undead, serial_undead_e, serial_undead_c,
          serial_undead_e, serial_undead_f, nicolae_trove_entry_isolated
D:13:     layout_loops_ring, grunt_vaults_entry_tiered,
          chequers_serial_rivers_small_3
D:14:     layout_loops_corners, doesnt_xom_only_xom, uniq_josephine
D:15:     grunt_enter_depths_hoard, layout_loops_ring, gammafunk_ghost_split,
          kennysheep_doodads
Lair:1:   hellmonk_destroyed_diamonds, layout_layer_cave
Lair:2:   regret_index_tunnel_blossom, layout_regular_city,
          elwin_shoals_entry_rooms, minmay_snake_entry_spellcaster, basic_altar,
          lemuel_fruit_fields, serial_bayou_shore_b
Lair:3:   layout_chaotic_city, basic_altar, grunt_megastairs_2
Lair:4:   layout_gridlike, serial_bayou_shore_a, grunt_megastairs_1
Lair:5:   layout_cave_pods, ldierk_geyser, grunt_megastairs_5
Lair:6:   hellmonk_lair_end_abyssal_woods, layout_misc_corridors,
          nicolae_slime_entry_slimehenge
Snake:1:  layout_concentric_octagons, grunt_ministairs_14, minmay_shop_grove
Snake:2:  layout_cave_pods, nicolae_snake_round_shape_thing,
          nicolae_snake_yet_another_twisty_hallway, st_stairs_14
Snake:3:  layout_honeycomb, minmay_shoptagon
Orc:1:    layout_caves, basic_altar, minmay_orc_treasury
Orc:2:    st_orc_elflike, layout_caves, uniq_nessos

Skill      XL: |  1  2  3  4  5  6  7  8  9 10 11 12 13 14 15 16 |
---------------+-------------------------------------------------+-----
Stealth        | 1 2 3 5 6 8 12 13 14 16 17 | 17.4
Short Blades   | 4 5 6 7 8 12 14 | 14.0
Dodging        | 5 8 9 11 12 | 12.1
Fighting       | 6 7 8 9 10 11 12 | 12.2
Armour         | 2 3 4 5 |  5.0
Throwing       | 5 8 11 12 | 12.0
Evocations     | 8 12 14 | 14.5
Shields        | 5 8 |  8.2

Action                   |  1- 3 |  4- 6 |  7- 9 | 10-12 | 13-15 | 16-18 || total
-------------------------+-------+-------+-------+-------+-------+-------++-------
Melee: Short sword       |    52 |    43 |       |       |       |       ||    95
       Dagger            |    86 |    67 |   198 |   151 |       |       ||   502
       Punch             |       |       |     5 |    17 |    73 |    12 ||   107
       Rapier            |       |       |       |  1062 |  1666 |       ||  2728
       Quick blade       |       |       |       |       |  1706 |   378 ||  2084
Throw: Boomerang         |       |       |    39 |    72 |   433 |    75 ||   619
       Dart              |       |       |     2 |       |       |       ||     2
Invok: Berserk           |     8 |     7 |     9 |    37 |    22 |     7 ||    90
       Trog's Hand       |       |       |       |     1 |       |       ||     1
       Brothers in Arms  |       |       |       |     1 |       |       ||     1
Evoke: Wand              |       |       |       |     5 |     2 |       ||     7
  Use: Potion            |       |       |     1 |       |     4 |     1 ||     6
       Scroll            |       |       |       |     2 |    29 |     5 ||    36
 Stab: Sleeping          |     3 |     7 |    16 |    23 |    53 |    30 ||   132
       Distracted        |       |       |       |    10 |    12 |     2 ||    24
       Paralysed         |       |       |       |     2 |     1 |       ||     3
Armor: Animal skin       |    11 |     9 |    13 |     5 |       |       ||    38
       Acid dragon scale |       |       |       |    71 |   218 |    20 ||   309
Dodge: Dodged            |    79 |    57 |   110 |   703 |  1778 |   158 ||  2885

Table legend: (Time is in decaauts)
 A = Elapsed time spent in this place.
 B = Non-inter-level travel time spent in this place.
 C = Inter-level travel time spent in this place.
 D = Time resting spent in this place.
 E = Time spent auto-exploring this place.
 F = Levels seen in this place.
 G = Mean time per level.
                   A        B        C        D        E       F      G
               +--------+--------+--------+--------+--------+-----+--------+
         Total |  40364 |  38770 |   1594 |  17466 |  12840 |  27 | 1495.0 |
       Dungeon |  20189 |  19079 |   1110 |   9248 |   6401 |  15 | 1345.9 |
          Lair |  13584 |  13186 |    398 |   6030 |   3923 |   6 | 2264.0 |
     Snake Pit |   2289 |   2235 |     54 |    788 |   1066 |   3 |  763.0 |
  Orcish Mines |   3561 |   3530 |     31 |   1286 |   1303 |   2 | 1780.5 |
        Bailey |    739 |    739 |      0 |    111 |    145 |   1 |  739.0 |
               +--------+--------+--------+--------+--------+-----+--------+

Top non-repeatable levels by time:
  Lair:6: 3095 daAuts
     D:9: 3027 daAuts
  Lair:5: 2962 daAuts
  Lair:2: 2472 daAuts
   Orc:1: 2389 daAuts
     D:8: 2340 daAuts
    D:15: 2156 daAuts
  Lair:4: 2049 daAuts
  Lair:1: 1932 daAuts
    D:13: 1928 daAuts
    D:14: 1915 daAuts
     D:1: 1422 daAuts
 Snake:2: 1229 daAuts
    D:11: 1207 daAuts
   Orc:2: 1171 daAuts
